3A
ATHLETIC CLUB KC U-24 @ MONROEVILLE YINZERS
07/21/2041
 
TOP OF THE 1ST
Athletic Club KC U-24 batting - Pitching for Monroeville Yinzers : RHP Artie O'Neal
Pitching: RHP Artie O'Neal
Batting: RHB James Allingham 0-0: Ball
1-0: Ball
2-0: Called Strike
2-1: SINGLE (Groundball, 34D, EV 102.5 MPH)
Batting: LHB Greg Flynn 0-0: Ball
1-0: Called Strike
1-1: Swinging Strike
1-2: Ball
2-2: Foul Ball, location: 2F
2-2: Foul Ball, location: 2F
2-2: Ball
3-2: Foul Ball, location: 2F
3-2: Strikes out swinging
Batting: SHB Francisco Rojas 0-0: Foul Ball, location: 2F
0-1: Swinging Strike
0-2: Foul Ball, location: 2F
0-2: Ball
1-2: Foul Ball, location: 2F
1-2: Ball
2-2: Strikes out swinging
Batting: LHB Ron Whitney 0-0: Ball
1-0: Foul Ball, location: 2F
1-1: Ball
2-1: Fly out, F8 (Line Drive, 8LM, EV 91.2 MPH)
Top of the 1st over - 0 runs, 1 hit, 0 errors, 1 left on base; Athletic Club KC 0 - Monroeville 0
BOTTOM OF THE 1ST
Monroeville Yinzers batting - Pitching for Athletic Club KC U-24 : LHP Reggie Reed
Pitching: LHP Reggie Reed
Batting: RHB Ryan McCarty 0-0: DOUBLE (Line Drive, 9LS, EV 111.2 MPH)
Batting: RHB Félix Pacheco 0-0: Called Strike
0-1: Foul Ball, location: 2F
0-2: Hit by Pitch
Batting: RHB Adam Cunningham 0-0: Foul Ball, location: 2F
0-1: Ball
1-1: Swinging Strike
1-2: Ball
2-2: Fly out, F9 (Flyball, 9S, EV 90.6 MPH)
Batting: RHB Ryan Blonke 0-0: DOUBLE (Line Drive, 78D, EV 100.6 MPH)
Ryan McCarty scores
Félix Pacheco to third
Batting: RHB Ramón Gabriel 0-0: Ball
1-0: SINGLE (Line Drive, 56, EV 98.8 MPH)
Félix Pacheco scores
Ryan Blonke to third
Batting: SHB Chong-hun Cho 0-0: Ball
1-0: Called Strike
1-1: Ball
2-1: Grounds into double play, 6-4-3 (Groundball, 6, EV 89.4 MPH)
Bottom of the 1st over - 2 runs, 3 hits, 0 errors, 1 left on base; Athletic Club KC 0 - Monroeville 2
TOP OF THE 2ND
Athletic Club KC U-24 batting - Pitching for Monroeville Yinzers : RHP Artie O'Neal
Batting: RHB Leon Burns 0-0: Ball
1-0: Ground out 6-3 (Groundball, 6D, EV 98.8 MPH)
Batting: RHB Neal Lewis 0-0: Called Strike
0-1: Ball
1-1: Called Strike
1-2: Strikes out looking
Batting: LHB Carl Zimerman 0-0: Called Strike
0-1: Ball
1-1: Ball
2-1: Called Strike
2-2: DOUBLE (Line Drive, 9LM, EV 88.8 MPH)
Batting: SHB Ross Evans 0-0: Called Strike
0-1: Ball
1-1: Ball
2-1: Ball
3-1: Base on Balls
Batting: RHB Will White 0-0: Called Strike
0-1: Called Strike
0-2: Foul Ball, location: 2F
0-2: Ball
1-2: Ball
2-2: Strikes out looking
Top of the 2nd over - 0 runs, 1 hit, 0 errors, 2 left on base; Athletic Club KC 0 - Monroeville 2
BOTTOM OF THE 2ND
Monroeville Yinzers batting - Pitching for Athletic Club KC U-24 : LHP Reggie Reed
Batting: RHB Ed Tinker 0-0: Called Strike
0-1: Foul Ball, location: 2F
0-2: Ball
1-2: Ball
2-2: Foul Ball, location: 2F
2-2: Foul Ball, location: 2F
2-2: Ball
3-2: Fly out, F3 (Popup, 23F, EV 92.5 MPH)
Batting: RHB David Ferris 0-0: Called Strike
0-1: SINGLE (Groundball, 4D, EV 98.1 MPH)
Batting: RHB Stu Roberts 0-0: Foul Ball, location: 2F
0-1: Ball
1-1: Fly out, F8 (Flyball, 8LS, EV 92.5 MPH)
Batting: RHB Ryan McCarty 0-0: Ball
1-0: Ball
2-0: Ball
3-0: Base on Balls
David Ferris to second
Batting: RHB Félix Pacheco 0-0: SINGLE (Popup, 5D, EV 66.2 MPH)
David Ferris to third
Ryan McCarty to second
Runner from 3rd tries for Home, SAFE, throw by 3B to home
Batting: RHB Adam Cunningham 0-0: Called Strike
0-1: Foul Ball, location: 2F
0-2: Strikes out looking
Bottom of the 2nd over - 1 run, 2 hits, 0 errors, 2 left on base; Athletic Club KC 0 - Monroeville 3
TOP OF THE 3RD
Athletic Club KC U-24 batting - Pitching for Monroeville Yinzers : RHP Artie O'Neal
Batting: RHB James Allingham 0-0: Swinging Strike
0-1: Ball
1-1: Called Strike
1-2: Foul Ball, location: 2F
1-2: Ball
2-2: Ball
3-2: Strikes out swinging
Batting: LHB Greg Flynn 0-0: Called Strike
0-1: Called Strike
0-2: SINGLE (Groundball, 4S, EV 65.6 MPH) (infield hit)
Batting: SHB Francisco Rojas 0-0: Called Strike
0-1: Foul Ball, location: 2F
0-2: Ball
1-2: Foul Ball, location: 2F
1-2: Foul Ball, location: 2F
1-2: Foul Ball, location: 2F
1-2: Foul Ball, location: 2F
1-2: Strikes out looking
Batting: LHB Ron Whitney 0-0: Ball
1-0: Fly out, F6 (Flyball, 56D, EV 80.6 MPH)
Top of the 3rd over - 0 runs, 1 hit, 0 errors, 1 left on base; Athletic Club KC 0 - Monroeville 3
BOTTOM OF THE 3RD
Monroeville Yinzers batting - Pitching for Athletic Club KC U-24 : LHP Reggie Reed
Batting: RHB Ryan Blonke 0-0: Ball
1-0: Swinging Strike
1-1: Foul Ball, location: 2F
1-2: Fly out, F9 (Flyball, 9S, EV 93.8 MPH)
Batting: RHB Ramón Gabriel 0-0: Ball
1-0: Ball
2-0: Ground out U3 (Groundball, 34, EV 96.2 MPH)
Batting: SHB Chong-hun Cho 0-0: Foul Ball, location: 2F
0-1: Ball
1-1: Ball
2-1: Fly out, F9 (Flyball, 9, EV 88.8 MPH)
Bottom of the 3rd over - 0 runs, 0 hits, 0 errors, 0 left on base; Athletic Club KC 0 - Monroeville 3
TOP OF THE 4TH
Athletic Club KC U-24 batting - Pitching for Monroeville Yinzers : RHP Artie O'Neal
Batting: RHB Leon Burns 0-0: Ball
1-0: Called Strike
1-1: Swinging Strike
1-2: Ball
2-2: Foul Ball, location: 2F
2-2: Ball
3-2: Strikes out swinging, 2-3 out at first.
Batting: RHB Neal Lewis 0-0: Ball
1-0: Ball
2-0: Foul Ball, location: 2F
2-1: Called Strike
2-2: Ball
3-2: Strikes out swinging
Batting: LHB Carl Zimerman 0-0: Fly out, F8 (Flyball, 8RS, EV 82.5 MPH)
Top of the 4th over - 0 runs, 0 hits, 0 errors, 0 left on base; Athletic Club KC 0 - Monroeville 3
BOTTOM OF THE 4TH
Monroeville Yinzers batting - Pitching for Athletic Club KC U-24 : LHP Reggie Reed
Batting: RHB Ed Tinker 0-0: Called Strike
0-1: Ground out 6-3 (Groundball, 6, EV 91.9 MPH)
Batting: RHB David Ferris 0-0: Ground out 6-3 (Groundball, 6M, EV 109.4 MPH)
Batting: RHB Stu Roberts 0-0: Ground out 6-3 (Groundball, 6D, EV 89.4 MPH)
Bottom of the 4th over - 0 runs, 0 hits, 0 errors, 0 left on base; Athletic Club KC 0 - Monroeville 3
TOP OF THE 5TH
Athletic Club KC U-24 batting - Pitching for Monroeville Yinzers : RHP Artie O'Neal
Batting: SHB Ross Evans 0-0: Ball
1-0: Foul Ball, location: 2F
1-1: Ball
2-1: Fly out, F2 (Popup, 5SF, EV 76.9 MPH)
Batting: RHB Will White 0-0: Called Strike
0-1: SINGLE (Groundball, 4MD, EV 105.6 MPH)
Pitching: LHP Yasunobu Suisha
Batting: RHB James Allingham 0-0: Swinging Strike
0-1: Called Strike
0-2: Ball
1-2: Ball
2-2: Ball
3-2: Strikes out swinging
Batting: LHB Greg Flynn 0-0: Foul Ball, location: 2F
0-1: Fly out, F7 (Flyball, 78S, EV 84.4 MPH)
Top of the 5th over - 0 runs, 1 hit, 0 errors, 1 left on base; Athletic Club KC 0 - Monroeville 3
BOTTOM OF THE 5TH
Monroeville Yinzers batting - Pitching for Athletic Club KC U-24 : LHP Reggie Reed
Batting: RHB Ryan McCarty 0-0: Called Strike
0-1: Ball
1-1: Ball
2-1: Fly out, F3 (Line Drive, 3, EV 71.9 MPH)
Batting: RHB Félix Pacheco 0-0: Swinging Strike
0-1: Ball
1-1: Ground out 2-3 (Groundball, 15S, EV 66.2 MPH)
Batting: RHB Adam Cunningham 0-0: Ball
1-0: Ball
2-0: Ball
3-0: Called Strike
3-1: Base on Balls
Batting: RHB Ryan Blonke 0-0: Ground out 1-3 (Groundball, P, EV 75.6 MPH)
Bottom of the 5th over - 0 runs, 0 hits, 0 errors, 1 left on base; Athletic Club KC 0 - Monroeville 3
TOP OF THE 6TH
Athletic Club KC U-24 batting - Pitching for Monroeville Yinzers : LHP Yasunobu Suisha
Batting: SHB Francisco Rojas 0-0: Ball
1-0: Swinging Strike
1-1: Foul Ball, location: 2F
1-2: Foul Ball, location: 2F
1-2: Ball
2-2: Foul Ball, location: 2F
2-2: Strikes out swinging
Batting: LHB Ron Whitney 0-0: Ball
1-0: Ball
2-0: Ball
3-0: Called Strike
3-1: Called Strike
3-2: Fly out, F7 (Flyball, 7, EV 93.8 MPH)
Batting: RHB Leon Burns 0-0: Foul Ball, location: 2F
0-1: Ball
1-1: Ball
2-1: Ball
3-1: Foul Ball, location: 2F
3-2: Ground out 2-3 (Groundball, 2L, EV 63.8 MPH)
Top of the 6th over - 0 runs, 0 hits, 0 errors, 0 left on base; Athletic Club KC 0 - Monroeville 3
BOTTOM OF THE 6TH
Monroeville Yinzers batting - Pitching for Athletic Club KC U-24 : LHP Reggie Reed
Batting: RHB Ramón Gabriel 0-0: Called Strike
0-1: Swinging Strike
0-2: Ball
1-2: Strikes out swinging
Batting: SHB Chong-hun Cho 0-0: Foul Ball, location: 2F
0-1: Ball
1-1: Fly out, F8 (Line Drive, 8RM, EV 96.9 MPH)
Batting: RHB Ed Tinker 0-0: Ball
1-0: Foul Ball, location: 2F
1-1: Ball
2-1: Called Strike
2-2: Fly out, F9 (Flyball, 9S, EV 76.9 MPH)
Bottom of the 6th over - 0 runs, 0 hits, 0 errors, 0 left on base; Athletic Club KC 0 - Monroeville 3
TOP OF THE 7TH
Athletic Club KC U-24 batting - Pitching for Monroeville Yinzers : LHP Yasunobu Suisha
Batting: RHB Neal Lewis 0-0: Called Strike
0-1: Foul Ball, location: 2F
0-2: Ball
1-2: Foul Ball, location: 2F
1-2: Ball
2-2: Ball
3-2: DOUBLE (Flyball, 78D, EV 101.9 MPH)
Pitching: RHP Carlos Guerrero
Batting: LHB Carl Zimerman 0-0: Foul Ball, location: 2F
0-1: Ground out 1-3 (Groundball, 13, EV 90.0 MPH)
Neal Lewis to third
Batting: SHB Ross Evans 0-0: Ball
1-0: Ball
2-0: Ball
3-0: Base on Balls
Batting: RHB Will White 0-0: Ball
1-0: Called Strike
1-1: Fly out, F7 (Flyball, 7LD, EV 85.6 MPH)
Runner from 3rd tags up, SCORES, throw by LF
Batting: RHB James Allingham 0-0: Ball
1-0: SINGLE (Line Drive, 78M, EV 110.0 MPH)
Ross Evans to second
Batting: LHB Greg Flynn 0-0: Called Strike
0-1: DOUBLE (Line Drive, 8RD, EV 90.6 MPH)
Ross Evans scores
James Allingham to third
Batting: SHB Francisco Rojas 0-0: Foul Ball, location: 2F
0-1: Foul Ball, location: 2F
0-2: Ball
1-2: Ball
2-2: Strikes out swinging
Top of the 7th over - 2 runs, 3 hits, 0 errors, 2 left on base; Athletic Club KC 2 - Monroeville 3
BOTTOM OF THE 7TH
Monroeville Yinzers batting - Pitching for Athletic Club KC U-24 : LHP Reggie Reed
Batting: RHB David Ferris 0-0: Called Strike
0-1: DOUBLE (Flyball, 8RXD, EV 101.2 MPH)
Batting: RHB Stu Roberts 0-0: Ground out 5-3 (Groundball, 5S, EV 75.0 MPH)
David Ferris to third
Batting: RHB Ryan McCarty 0-0: Foul Ball, location: 2F
0-1: 2-RUN HOME RUN (Flyball, 7D, EV 104.4 MPH), Distance : 365 ft
Pitching: RHP Rodney Johnson
Batting: RHB Félix Pacheco 0-0: Called Strike
0-1: Ball
1-1: Swinging Strike
1-2: Foul Ball, location: 2F
1-2: Fly out, F7 (Flyball, 7LM, EV 81.9 MPH)
Batting: RHB Adam Cunningham 0-0: Called Strike
0-1: Ground out 6-3 (Groundball, 6, EV 98.1 MPH)
Bottom of the 7th over - 2 runs, 2 hits, 0 errors, 0 left on base; Athletic Club KC 2 - Monroeville 5
TOP OF THE 8TH
Athletic Club KC U-24 batting - Pitching for Monroeville Yinzers : RHP Carlos Guerrero
Batting: LHB Ron Whitney 0-0: Ball
1-0: Ball
2-0: Ball
3-0: Called Strike
3-1: Base on Balls
Batting: RHB Leon Burns 0-0: Fly out, F7 (Flyball, 7, EV 85.6 MPH)
Pitching: RHP Donovan Poe
Batting: RHB Neal Lewis 0-0: Called Strike
0-1: Foul Ball, location: 2F
0-2: Foul Ball, location: 2F
0-2: Ball
1-2: Strikes out swinging
Batting: LHB Carl Zimerman 0-0: Ball
1-0: Ball
2-0: Called Strike
2-1: Ball
3-1: Base on Balls
Ron Whitney to second
Batting: SHB Ross Evans 0-0: Foul Ball, location: 2F
0-1: Ball
1-1: Ball
2-1: SINGLE (Line Drive, 8LS, EV 106.9 MPH)
Ron Whitney to third
Carl Zimerman to second
Runner from 3rd tries for Home, SAFE, no throw by CF
Pinch Hitting: RHB Daniel Hannaford 0-0: Ball
1-0: Ball
2-0: Foul Ball, location: 2F
2-1: Foul Ball, location: 2F
2-2: Fielders Choice at 2nd, 5-4 (Groundball, 56, EV 85.0 MPH)
Top of the 8th over - 1 run, 1 hit, 0 errors, 2 left on base; Athletic Club KC 3 - Monroeville 5
BOTTOM OF THE 8TH
Monroeville Yinzers batting - Pitching for Athletic Club KC U-24 : RHP Rodney Johnson
Pitching: RHP Amin Yahouse
Now at C: William Lane
Batting: RHB Ryan Blonke 0-0: Ball
1-0: Ground out 6-3 (Groundball, 6, EV 82.5 MPH)
Batting: RHB Ramón Gabriel 0-0: Ball
1-0: Foul Ball, location: 2F
1-1: Called Strike
1-2: Strikes out swinging
Batting: SHB Chong-hun Cho 0-0: Ball
1-0: Ball
2-0: Fly out, F9 (Flyball, 9, EV 88.8 MPH)
Bottom of the 8th over - 0 runs, 0 hits, 0 errors, 0 left on base; Athletic Club KC 3 - Monroeville 5
TOP OF THE 9TH
Athletic Club KC U-24 batting - Pitching for Monroeville Yinzers : RHP Donovan Poe
Now at 1B: Si-xun Jin
Now in RF: Rashid Jeltkov
Batting: RHB James Allingham 0-0: Called Strike
0-1: Ball
1-1: Swinging Strike
1-2: Ball
2-2: Strikes out swinging
Batting: LHB Greg Flynn 0-0: Ground out 4-3 (Groundball, 4M, EV 100.0 MPH)
Batting: SHB Francisco Rojas 0-0: Called Strike
0-1: Ball
1-1: Swinging Strike
1-2: Fly out, F7 (Flyball, 78M, EV 90.0 MPH)
Top of the 9th over - 0 runs, 0 hits, 0 errors, 0 left on base; Athletic Club KC 3 - Monroeville 5
Tuesday, January 5th, 2021 - OOTP Baseball 20.8 Build 74